 Dungeon Crawl Stone Soup version 0.21-a0-476-gd103f4b (webtiles) character file.

2975 kae the Martial Artist (level 9, -9/67 HPs)
             Began as a Black Draconian Transmuter on Nov 22, 2017.
             Was a Believer of Wu Jian.
             Mangled by an ogre
             ... wielding a +0 giant club
              (31 damage)
             ... on level 8 of the Dungeon.
             The game lasted 00:09:50 (8834 turns).

kae the Martial Artist (Black Draconian Transmuter) Turns: 8834, Time: 00:09:50

Health: -9/67      AC:  9    Str: 13    XL:     9   Next: 53%
Magic:  17/17      EV: 12    Int: 13    God:    Wu Jian [**....]
Gold:   652        SH:  0    Dex: 15    Spells: 13/19 levels left

rFire    . . .     SeeInvis .   i - +0 dagger (venom)
rCold    + . .     Gourm    .   (no shield)
rNeg     . . .     Faith    .   (armour unavailable)
rPois    .         Spirit   .   (helmet restricted)
rElec    +         Reflect  .   (no cloak)
rCorr    .         Harm     .   (no gloves)
MR       .....                  k - +1 pair of boots
Stlth    +.........             e - amulet of magic regeneration
HPRegen  0.21/turn              t - ring of protection from cold
MPRegen  0.40/turn              (no ring)

@: no status effects
A: breathe lightning, unfitting armour, electricity resistance, cold-blooded, AC
+7
a: Breathe Lightning, Renounce Religion


You were on level 8 of the Dungeon.
You worshipped Wu Jian.
Wu Jian was pleased with you.
You were hungry.

You visited 1 branch of the dungeon, and saw 8 of its levels.

You collected 652 gold pieces.

Inventory:

Hand Weapons
 i - a +0 dagger of venom (weapon)
Missiles
 a - 159 arrows
 y - a throwing net (quivered)
Armour
 k - a +1 pair of boots (worn)
Jewellery
 e - an amulet of magic regeneration (around neck)
 r - a +2 ring of protection {unknown}
 t - a ring of protection from cold (left hand)
Wands
 l - a wand of iceblast (18)
Scrolls
 o - 3 scrolls of amnesia
 q - a scroll of fog
 u - 4 scrolls of remove curse
 v - a scroll of teleportation
 w - a scroll of identify
 x - a scroll of random uselessness {unknown}
Potions
 f - a potion of might
 g - 2 potions of flight
 h - 6 potions of mutation {unknown}
 m - 3 potions of brilliance
 n - 2 potions of haste {unknown}
Books
 b - a book of Changes

   Spells                             Type                      Level
   a - Beastly Appendage              Transmutation                1
   b - Sticks to Snakes               Transmutation                2
   c - Spider Form                    Transmutation/Poison         3
   d - Ice Form                       Ice/Transmutation            4
   e - Blade Hands                    Transmutation                5
Comestibles
 c - 3 bread rations
 j - 2 royal jellies
 p - 7 fruits
 s - a meat ration


   Skills:
 - Level 1.7 Fighting
 - Level 1.7 Dodging
 * Level 8.9 Unarmed Combat
 + Level 5.7 Spellcasting
 * Level 8.7 Transmutations


You had 13 spell levels left.
You knew the following spells:

 Your Spells              Type           Power        Failure   Level  Hunger
a - Beastly Appendage     Tmut           ####..       1%          1    None
b - Sticks to Snakes      Tmut           ####....     1%          2    ##.....
c - Spider Form           Tmut/Pois      ###.......   9%          3    ###....


Dungeon Overview and Level Annotations

Branches:
Dungeon (8/15)             Temple (0/1) D:4
   Lair: D:8-11

Altars:
Ashenzari
Cheibriados
Fedhas
Hepliaklqana
Kikubaaqudgha
Okawaru
Qazlal
Wu Jian
Xom

Annotations:
D:4 Menkaure, Purgy


Innate Abilities, Weirdness & Mutations

You can breathe wild blasts of lightning.
Your glossy black scales are hard. (AC +7)
You cannot fit into any form of body armour.
You are resistant to electric shocks. (rElec)
You are cold-blooded and may be slowed by cold attacks.


Message History

The two-headed ogre is severely wounded.
The two-headed ogre closely misses you.
The two-headed ogre hits you but does no damage.
You have got your breath back.
The two-headed ogre looks more healthy.
You repeatedly attack the two-headed ogre from above.
You hit the two-headed ogre.
You tail-slap the two-headed ogre, but do no damage.
The two-headed ogre is almost dead.
You barely miss the two-headed ogre.
The two-headed ogre is almost dead.
The two-headed ogre misses you. The two-headed ogre barely misses you.
The two-headed ogre closely misses you.
The two-headed ogre hits you with a giant spiked club!!
The ogre shouts!
A mummy comes into view.
You lunge at the mummy.
You barely miss the mummy.
You spin and attack the ogre.
You barely miss the ogre. The ogre hits you with a giant club!!
You die...

....####....######..##
.........$## ##..#######
######.........#
#.........
$%...'..)......#
#.>####### #...####..##
#.## ##..####.†.# #.#
######
#........#.....##.#
#>....
##.####..#######..#
#.#### #S# ##.M@O......##
#.#
#.###....O..########.####
#........#..# #.......#
#####......## #.#####.#
##.....######.# #.#
##.#....)....# #.#
#....######.# #.# #..#.#
#.#####.. #..#.#
#.......#


You could see a two-headed ogre, an ogre (pinned) and a mummy.

Vanquished Creatures
  Eustachio (D:4)
  A hungry ghost (D:7)
  A soldier ant (D:6)
  A porcupine (D:8)
  An ice beast (D:6)
  2 orc warriors (D:6)
  2 sky beasts
  An ogre (D:4)
  2 centaurs
  A big kobold (D:5)
  6 bullfrogs
  2 scorpions
  3 killer bees (D:8)
  5 wights (D:7)
  A howler monkey (D:4)
  A jelly (D:6)
  2 crimson imps (D:7)
  2 quasits (D:7)
  A centaur zombie (D:7)
  5 hounds
  2 orc priests (D:6)
  A bullfrog skeleton (D:7)
  A centaur skeleton (D:5)
  An orc wizard (D:6)
  3 worker ants
  Ijyb (D:4)
  Terence (D:2)
  2 hound skeletons
  A howler monkey zombie (D:7)
  2 worker ant zombies (D:7)
  8 adders
  A shadow imp (D:7)
  An ooze (D:3)
  An adder zombie (D:7)
  2 adder skeletons (D:6)
  4 worms
  4 dart slugs
  A leopard gecko (D:1)
  14 orcs
  3 giant cockroaches
  5 goblins
  4 hobgoblins
  10 jackals
  4 quokkas
  2 ball pythons
  6 bats
  5 frilled lizards
  9 kobolds
  A leopard gecko zombie (D:5)
  5 rats
  2 rat zombies (D:3)
148 creatures vanquished.

Vanquished Creatures (collateral kills)
  An adder (D:5)
  A shadow imp (D:5)
  A worm (D:2)
3 creatures vanquished.

Vanquished Creatures (others)
  An adder (D:2)
  16 fungi (D:8)
  6 plants (D:8)
23 creatures vanquished.

Grand Total: 174 creatures vanquished

Notes
Turn   | Place    | Note
-------+----------+-------------------------------------------
     0 | D:1      | kae the Draconian Transmuter began the quest for the Orb.
     0 | D:1      | Reached XP level 1. HP: 16/16 MP: 3/3
    87 | D:1      | Reached XP level 2. HP: 17/23 MP: 3/5
   699 | D:1      | Reached XP level 3. HP: 27/29 MP: 6/6
   707 | D:1      | Learned a level 2 spell: Sticks to Snakes
   711 | D:1      | Learned a level 3 spell: Spider Form
   983 | D:2      | Found an ornate altar of the Wu Jian Council.
  1020 | D:2      | Became a worshipper of the Wu Jian Council
  1023 | D:2      | Noticed a bullfrog
  1033 | D:2      | Killed a bullfrog
  1033 | D:2      | Reached XP level 4. HP: 24/36 MP: 7/7
  1279 | D:2      | Noticed Terence
  1286 | D:2      | Reached XP level 5. HP: 39/41 MP: 9/9
  1299 | D:2      | Killed Terence
  1502 | D:2      | Found a stormy altar of Qazlal.
  1606 | D:2      | Found a shattered altar of Ashenzari.
  1610 | D:2      | Found an iron altar of Okawaru.
  1615 | D:2      | Found a snail-covered altar of Cheibriados.
  1976 | D:3      | Reached * piety under Wu Jian
  2278 | D:3      | Found an ancient bone altar of Kikubaaqudgha.
  2737 | D:4      | Noticed Eustachio
  2752 | D:4      | Killed Eustachio
  2752 | D:4      | Reached XP level 6. HP: 17/48 MP: 10/10
  2968 | D:4      | Noticed Ijyb
  2979 | D:4      | Killed Ijyb
  2979 | D:4      | Reached skill level 5 in Unarmed Combat
  3358 | D:4      | Found a shattered altar of Ashenzari.
  3427 | D:4      | Found a staircase to the Ecumenical Temple.
  3497 | D:4      | Noticed Menkaure
  3501 | D:4      | Noticed Purgy
  3574 | D:5      | Entered Level 5 of the Dungeon
  3609 | D:5      | Your scales start taking on a glossy black colour.
  3609 | D:5      | Reached XP level 7. HP: 29/53 MP: 10/12
  3609 | D:5      | Gained mutation: You are resistant to electric shocks. (rElec) [Black Draconian growth]
  3789 | D:5      | Reached skill level 5 in Transmutations
  4282 | D:5      | Found a hazy altar of Hepliaklqana.
  4283 | D:5      | Found a transporter.
  4332 | D:5      | Found a transporter.
  4865 | D:6      | Reached XP level 8. HP: 26/60 MP: 14/14
  6233 | D:6      | Reached ** piety under Wu Jian
  6614 | D:7      | Reached skill level 5 in Spellcasting
  7030 | D:7      | Reached XP level 9. HP: 59/67 MP: 16/16
  7234 | D:7      | Found a blossoming altar of Fedhas.
  7900 | D:7      | Found a shimmering altar of Xom.
  7949 | D:8      | Noticed a two-headed ogre
  8834 | D:8      | Mangled by an ogre

Vault maps used:
D:1:      minmay_arrival_three_doors, minmay_misc_feat_roman
D:2:      lemuel_crystal_altar, grunt_qazlal_clouds,
          minmay_overflow_temple_star_quad, uniq_terence
D:3:      lemuel_zombie_altar_kikubaaqudgha
D:4:      minmay_temple_entry_fiery, first_bread, nicolae_ashenzari_panopticon,
          uniq_ijyb, uniq_menkaure, uniq_purgy, uniq_eustachio
D:5:      gammafunk_temple_overflow_arena
D:6:      roderic_lattice_a, minmay_small_thing
D:7:      kennysheep_mini_moat, fedhas_altar_fruit_tree
D:8:      good_gods_temple_1, grunt_lair_entry_orc_guard_hut, grunt_livestock,
          chei_slow_surprise, uniq_erica

Skill      XL: |  1  2  3  4  5  6  7  8  9 |
---------------+----------------------------+-----
Unarmed Combat | 4 5 6 8 |  8.9
Transmutations | 3 4 6 7 8 |  8.7
Spellcasting   | 3 4 5 |  5.7
Fighting       | |  1.7
Dodging        | |  1.7

Action                   |  1- 3 |  4- 6 |  7- 9 || total
-------------------------+-------+-------+-------++-------
Melee: Unarmed           |    95 |       |    92 ||   187
       Tailslap          |    14 |    22 |    63 ||    99
       Kick              |     2 |       |       ||     2
       Headbutt          |     4 |    16 |       ||    20
       Whip              |    14 |       |       ||    14
       Punch             |     2 |     1 |     9 ||    12
       Dagger            |    10 |   193 |   398 ||   601
 Cast: Beastly Appendage |    12 |     7 |     1 ||    20
       Sticks to Snakes  |     2 |     2 |       ||     4
       Spider Form       |       |       |     8 ||     8
 Abil: Breathe Lightning |       |       |     8 ||     8
Evoke: Wand              |       |       |     2 ||     2
  Use: Scroll            |     4 |     3 |     8 ||    15
       Potion            |       |       |     4 ||     4
 Stab: Sleeping          |     2 |       |     1 ||     3
  Eat: Chunk             |     1 |     7 |    16 ||    24
       Bread ration      |       |       |     1 ||     1
       Fruit             |       |       |     1 ||     1
Armor: Skin              |    38 |    83 |   176 ||   297
Dodge: Dodged            |   105 |   107 |   352 ||   564

Table legend:
 A = Spawn XP
 B = Non-spawn XP
 C = Spawn XP percentage of total XP
 D = Spawn monster count
 E = Non-spawn monster count
 F = Spawn count percentage of total count
 G = Total turns spent on level
                    A         B        C        D         E        F      G
               +---------+---------+-------+---------+---------+-------+---------
         Total |       0 |    4250 |   0.0 |       0 |     151 |   0.0 |  8834
               +---------+---------+-------+---------+---------+-------+---------
           D:1 |       0 |      45 |   0.0 |       0 |      24 |   0.0 |   787
           D:2 |       0 |     199 |   0.0 |       0 |      22 |   0.0 |   852
           D:3 |       0 |      55 |   0.0 |       0 |      21 |   0.0 |   978
           D:4 |       0 |     402 |   0.0 |       0 |       7 |   0.0 |   957
           D:5 |       0 |     625 |   0.0 |       0 |      18 |   0.0 |  1232
           D:6 |       0 |    1204 |   0.0 |       0 |      26 |   0.0 |  1755
           D:7 |       0 |     995 |   0.0 |       0 |      22 |   0.0 |  1385
           D:8 |       0 |     725 |   0.0 |       0 |      11 |   0.0 |   888
               +---------+---------+-------+---------+---------+-------+---------
